cohdb
Replays
Latest Replays
All Replays
Popular Replays
Top Player Replays
Match Explorer
How It Works
Community
CoH3 Stats
Reddit
Sign in to upload your games and track your stats! →
Sign in with Steam
Match 44838000
Unlisted
Match 44838000
Overview
Messages
Build Orders
End
Kettenkrad Recon Vehicle
Construct Infanterie Kompanie
Grenadier Squad
MG 42 Machine Gun Team
Construct Panzergrenadier Kompanie
Panzergrenadier Squad
Panzergrenadier Squad
Selects Mechanized Battlegroup
Selects Mechanized Battlegroup
Selects Mechanized Battlegroup
Medical Bunker
Selects Mobile Repair Stations
Forward Retreat Point
251 Medium Carrier
Selects Wespe Self-propelled Artillery
Wespe Self-propelled Artillery
The Lion
vietoes
Eclipsor117
Gab BF
Husar
Lemming
0
0
Comments
sign in to comment!
No comments posted yet!